 Dungeon Crawl Stone Soup version 0.31-a0-4-gefa6de2278 (webtiles) character file.

Game seed: 16572694080636436584

3891 subawu the Cleaver (level 10, -20/77 HPs)
             Began as a Minotaur Monk on May 4, 2023.
             Was a Believer of Hepliaklqana.
             Demolished by an orc warlord
             ... wielding a +5 battleaxe
              (28 damage)
             ... in a bailey.
             The game lasted 00:34:36 (7855 turns).

subawu the Cleaver (Minotaur Monk)                  Turns: 7855, Time: 00:34:37

Health: -20/77     AC: 19    Str: 17    XL:     10   Next: 0%
Magic:  8/9        EV:  9    Int: 11    God:    Hepliaklqana [**....]
Gold:   424        SH:  5    Dex: 10    Spells: 8/9 levels left

rFire   . . .        E - +2 hand axe (flame)
rCold   . . .        d - orb {light}
rNeg    + + +        y - +0 chain mail
rPois   .            (helmet restricted)
rElec   +            m - +0 cloak
rCorr   +            A - +0 pair of gloves
SInv    .            s - +0 pair of boots
Will    .....        f - amulet of reflection Stlth
                     j - +4 ring of slaying
HPRegen 0.32/turn    k - ring of the Lizard {rElec rN+++ rCorr AC+4 Dex-2}
MPRegen 0.11/turn

%: reflection
@: very slightly contaminated, glowing, very slow
A: reduced essence, horns 2, retaliatory headbutt
a: Renounce Religion, Ancestor Life: Knight, Ancestor Life: Battlemage, Ancestor
Life: Hexer, Recall Ancestor, Ancestor Identity


You were in a bailey.
You worshipped Hepliaklqana.
Hepliaklqana was pleased with you.
You visited 2 branches of the dungeon, and saw 8 of its levels.
You also visited: Bailey.

You collected 424 gold pieces.

Inventory:

Hand Weapons
 a - a +1 hand axe
 h - a +0 short sword of electrocution
 i - a +1 flail of holy wrath
 n - a +0 short sword
 q - a +1 hand axe of venom
 u - a +1 long sword of draining
 v - a +0 falchion
 E - a +2 hand axe of flaming (weapon)
 G - a +0 giant spiked club
 H - a +4 battleaxe
 I - a +2 great sword
Missiles
 c - a throwing net
 g - 88 stones (quivered)
 z - 10 poisoned darts
Armour
 b - a +0 robe
 d - an orb of light (worn)
 e - a +0 helmet
 m - a +0 cloak (worn)
 p - a +0 scale mail
 s - a +0 pair of boots (worn)
 t - a +1 leather armour of poison resistance
 y - a +0 chain mail (worn)
 A - a +0 pair of gloves (worn)
Jewellery
 f - an amulet of reflection (around neck)
 j - a +4 ring of slaying (left hand)
 k - the ring of the Lizard (right hand) {rElec rN+++ rCorr AC+4 Dex-2}
   (You found it on level 3 of the Dungeon)

   [ring of protection]

   AC:        It affects your AC (+4).
   Dex:       It affects your dexterity (-2).
   rElec:     It insulates you from electricity.
   rN:        It renders you almost immune to negative energy.
   rCorr:     It protects you from acid and corrosion.
 l - a ring of positive energy
 F - a ring of ice
 K - a ring of protection from cold
Scrolls
 B - a scroll of fog
 D - a scroll of identify
 J - 2 scrolls of enchant armour {unknown}
 L - a scroll of fear {unknown}
 N - a scroll of magic mapping
Potions
 o - 4 potions of curing
 r - 2 potions of might
 w - 2 potions of attraction {unknown}
 x - 4 potions of haste {unknown}
 C - a potion of flight {unknown}
 M - 2 potions of magic {unknown}
 P - a potion of resistance {unknown}


   Skills:
 + Level 7.6 Fighting
 + Level 11.3 Axes
 + Level 8.2 Armour
 + Level 6.2 Dodging
 + Level 1.9 Stealth
 + Level 4.7 Shields


You had 8 spell levels left.
You knew the following spells:

 Your Spells              Type           Power      Damage    Failure   Level
a - Kiss of Death         Conj/Necr      0%         2d5       95%         1

Your spell library contained the following spells:

 Spells                   Type           Power      Damage    Failure   Level
 Freeze                   Ice            0%         1d3       95%         1
 Ensorcelled Hibernation  Hex/Ice        0%         N/A       99%         2
 Passwall                 Tmut/Erth      0%         N/A       99%         2
 Sublimation of Blood     Necr           0%         N/A       99%         2
 Wereblood                Tmut           0%         N/A       99%         2
 Confusing Touch          Hex            0%         N/A       100%        3
 Frozen Ramparts          Ice            0%         1d1       100%        3
 Hailstorm                Conj/Ice       0%         3d3       100%        3
 Inner Flame              Hex/Fire       0%         N/A       100%        3
 Ozocubu's Armour         Ice            0%         N/A       100%        3
 Swiftness                Air            0%         N/A       100%        3
 Dispel Undead            Necr           0%         3d6       100%        4
 Flame Wave               Conj/Fire      0%         2d4       100%        4
 Sticky Flame             Conj/Fire      0%         2d3       100%        4
 Ozocubu's Refrigeration  Ice            0%         4d7       100%        7
 Summon Hydra             Summ           0%         N/A       100%        7


Dungeon Overview and Level Annotations

Branches:
Dungeon (7/15)             Temple (1/1) D:5          Bailey (1/1)

Altars:
Ashenzari
Cheibriados
Dithmenos
Fedhas
Gozag
Hepliaklqana
Kikubaaqudgha
Makhleb
Nemelex Xobeh
Qazlal
Ru
Sif Muna
Trog
Uskayaw
Vehumet
Wu Jian
Xom
Yredelemnul
Zin
The Shining One

Shops:
D:1 ?


Innate Abilities, Weirdness & Mutations

Your life essence is reduced to manifest your ancestor. (-10% HP)
You have a pair of horns on your head.
You reflexively headbutt those who attack you in melee.


Message History

The orc warlord completely misses your butterfly.
The orc warlord hits your butterfly with a +5 battleaxe!!
Your butterfly dies!
Your butterfly disappears in a burst of colours!
The orc warlord hits your butterfly with a +5 battleaxe!
Your butterfly dies!
Your butterfly disappears in a burst of colours!
The orc warlord barely misses your butterfly.
The orc warlord hits your butterfly with a +5 battleaxe!!
Your butterfly dies!
Your butterfly disappears in a burst of colours!
The orc warlord hits your butterfly with a +5 battleaxe!!
Your butterfly dies!
Your butterfly disappears in a burst of colours!
The orc warlord hits your butterfly with a +5 battleaxe!
Your butterfly dies!
Your butterfly disappears in a burst of colours!
Casting: Kiss of Death (safe; 95% risk of failure)
Confirm with . or Enter, or press ? or * to list all spells.
Aiming: Kiss of Death (safe; 95% risk of failure)
Press: ? - help, Shift-Dir - straight line, f - orc warlord
Aim: an orc warlord, wielding a +5 battleaxe and wearing a +0 chain mail (severely wounded, ally target, haloed, 100% to hit)
You miscast Kiss of Death.
You are very lightly contaminated with residual magic.
Nothing appears to happen.
The orc warlord hits you with a +5 battleaxe.
* * * LOW HITPOINT WARNING * * *
The orc warlord barely misses your butterfly.
The orc warlord hits your butterfly with a +5 battleaxe!!
Your butterfly dies!
Your butterfly disappears in a burst of colours!
The orc warlord hits your butterfly with a +5 battleaxe!!
Your butterfly dies!
Your butterfly disappears in a burst of colours!
The orc warlord hits your butterfly with a +5 battleaxe!
Your butterfly dies!
Your butterfly disappears in a burst of colours!
You feel better.
The orc warlord hits you with a +5 battleaxe!!
You die...

......#########.(....8...#
.....##~~~#~~~####......##
...(.#~|.....~#~~#..b..##
#.(..#~?.......b~#.b.b##
#....##8.8..b8.8~##...#
'.(...#....b.bb.~bbb..#
'(....#....∩...b~~b...#
'))...#.......bobbb...#
#)(..##8.8...8.8@##...#
#....#~!........~#....##
.....#~).....~#~~#b....##
....(##~~~#~~~####b.....##
......#########...b.b8...#
8..8....'...).'))((......#
........#~~~~~#.)........#
........#~~~~~#...8..8..##
...8...##~~~~~##.......##


You could see an orc warlord (ally target).

Vanquished Creatures
  Pikel (D:4)
  Sigmund (D:5)
  Duvessa (D:4)
  A water moccasin (D:6)
  An ice beast (D:4)
  4 orc warriors
  3 black bears
  The ghost of HilariousDeathArtist the Shooter, an amateur MeHu (D:5)
  2 ogres
  A centaur (D:7)
  3 lemures (D:4)
  A phantom (D:6)
  Blork the orc (D:5)
  2 bullfrogs
  8 wights
  Dowan (D:4)
  2 jellies
  3 hounds
  4 orc priests
  2 gnoll boudas
  5 iguanas
  3 orc wizards
  Ijyb (D:5)
  Robin (D:2)
  8 adders
  12 gnolls
  A shadow imp (D:7)
  A white imp (D:6)
  An ufetubus (D:5)
  2 worms
  2 dart slugs
  29 orcs
  2 endoplasms
  A giant cockroach (D:3)
  7 hobgoblins
  8 quokkas
  8 ball pythons
  2 bats
  2 frilled lizards
  16 goblins
  13 kobolds
  A quokka zombie (D:5)
  5 rats
  A rat zombie (D:5)
175 creatures vanquished.

Vanquished Creatures (collateral kills)
  Eustachio (D:6)
  An orc warrior (Bailey)
  2 wights (D:7)
  An iguana (D:6)
  A gnoll (D:7)
  A white imp (D:7)
  2 orcs
  2 goblins
  A hobgoblin (Bailey)
  A kobold (Bailey)
13 creatures vanquished.

Vanquished Creatures (others)
  2 ancestors (Bailey)
2 creatures vanquished.

Grand Total: 190 creatures vanquished

Notes
Turn   | Place    | Note
-------+----------+-------------------------------------------
     0 | D:1      | subawu the Minotaur Monk began the quest for the Orb.
     0 | D:1      | Reached XP level 1. HP: 19/19 MP: 0/0
    96 | D:1      | Found Luli's Magic Scroll Boutique.
   325 | D:1      | Reached XP level 2. HP: 24/27 MP: 1/1
   976 | D:2      | Reached skill level 4 in Axes
  1312 | D:2      | Reached XP level 3. HP: 33/33 MP: 2/2
  1338 | D:2      | Noticed Robin
  1344 | D:2      | Killed Robin
  1481 | D:2      | Reached XP level 4. HP: 23/40 MP: 3/3
  1639 | D:2      | Found a shimmering blue altar of Sif Muna.
  1953 | D:3      | Identified the ring of the Lizard {rElec rN+++ rCorr AC+4
                  | Dex-2}
  2214 | D:3      | Reached skill level 1 in Armour
  2264 | D:3      | Reached skill level 5 in Axes
  2432 | D:3      | Found a shadowy altar of Dithmenos.
  2520 | D:3      | Found a snail-covered altar of Cheibriados.
  2537 | D:3      | Reached XP level 5. HP: 47/47 MP: 4/4
  3219 | D:4      | Noticed Duvessa
  3222 | D:4      | Noticed Dowan
  3229 | D:4      | Killed Duvessa
  3230 | D:4      | Reached skill level 6 in Axes
  3230 | D:4      | Reached XP level 6. HP: 45/55 MP: 5/5
  3232 | D:4      | Killed Dowan
  3233 | D:4      | Reached skill level 5 in Fighting
  3233 | D:4      | Reached skill level 1 in Shields
  3517 | D:4      | Noticed Pikel
  3528 | D:4      | Killed Pikel
  3529 | D:4      | Reached skill level 8 in Axes
  3529 | D:4      | Reached XP level 7. HP: 58/62 MP: 6/6
  4213 | D:5      | Entered Level 5 of the Dungeon
  4221 | D:5      | Noticed Sigmund
  4225 | D:5      | Noticed Blork the orc
  4226 | D:5      | Killed Sigmund
  4227 | D:5      | Reached skill level 1 in Stealth
  4227 | D:5      | Reached XP level 8. HP: 70/70 MP: 7/7
  4232 | D:5      | Noticed Ijyb
  4240 | D:5      | Reached skill level 9 in Axes
  4243 | D:5      | Killed Blork the orc
  4244 | D:5      | Reached skill level 5 in Armour
  4249 | D:5      | Killed Ijyb
  4283 | D:5      | Reached skill level 5 in Dodging
  4888 | D:5      | Noticed HilariousDeathArtist's ghost (amateur MeHu)
  4889 | D:5      | Found a runed translucent gate.
  4891 | D:5      | Found a runed translucent gate.
  4891 | D:5      | Identified the +0 leather armour of Ruluytem {rF+++ rC-
                  | Will- Stlth+}
  4892 | D:5      | Found a runed translucent gate.
  4893 | D:5      | Identified the +4 chain mail of Time Monsters {rPois rF++
                  | Int-3 Dex+3}
  5244 | D:5      | Found a staircase to the Ecumenical Temple.
  5258 | Temple   | Entered the Ecumenical Temple
  5628 | Temple   | Became a worshipper of Hepliaklqana the Forgotten
  5628 | Temple   | Reached * piety under Hepliaklqana
  5628 | Temple   | Reached ** piety under Hepliaklqana
  5890 | D:5      | Reached XP level 9. HP: 61/70 MP: 8/8
  5897 | D:5      | Killed HilariousDeathArtist's ghost
  5900 | D:5      | Reached skill level 10 in Axes
  6723 | D:6      | Noticed Eustachio
  6752 | D:6      | Killed Eustachio
  7030 | D:7      | Found a radiant altar of Vehumet.
  7198 | D:7      | Learned a level 1 spell: Kiss of Death
  7402 | D:7      | Reached skill level 11 in Axes
  7582 | D:7      | Found a flagged portal.
  7599 | Bailey   | Entered a bailey
  7608 | Bailey   | Noticed an orc warlord
  7682 | Bailey   | Reached XP level 10. HP: 56/77 MP: 9/9
  7684 | Bailey   | Found a runed translucent gate.
  7684 | Bailey   | Found a runed translucent gate.
  7711 | Bailey   | Found a runed translucent gate.
  7854 | Bailey   | HP: 3/77 [orc warlord/+5 battleaxe (3)]
  7855 | Bailey   | Demolished by an orc warlord

Illustrated notes

Levels and vault maps discovered:
D:1:      spicycebolla_green_bress_n_ham_2, layout_basic, serial_shops,
          nicolae_shop_stone, st_stairs_9
D:2:      layout_basic, basic_altar, uniq_robin
D:3:      layout_basic, old_standard_altar, amcnicky_altar_gilded
D:4:      layout_basic, minmay_misc_feat_hallway, grunt_ministairs_4,
          uniq_pikel, uniq_duvessa
D:5:      layout_cave_pools, minmay_temple_entry_ruins, enter_ossuary_4,
          biasface_ghost_orc_armoury, uniq_sigmund, uniq_ijyb,
          uniq_blork_the_orc
D:6:      layout_rooms, kennysheep_another_room, uniq_eustachio
D:7:      layout_basic, nicolae_vehumet_altar_sigil, enter_bailey_5
Temple:   bh_familiar_temple
Bailey:   bailey_axe_bossmonster_kennysheep, bailey

Skill      XL: |  1  2  3  4  5  6  7  8  9 |
---------------+----------------------------+-----
Axes           | 4 5 6 8 9 11 | 11.3
Fighting       | 4 5 6 7 |  7.6
Dodging        | 4 5 6 |  6.2
Armour         | 1 2 4 6 8 |  8.2
Shields        | 1 3 4 |  4.7
Stealth        | 1 |  1.9

Action                     |  1- 3 |  4- 6 |  7- 9 | 10-12 || total
---------------------------+-------+-------+-------+-------++-------
  Melee: Hand axe          |    71 |    60 |   157 |    14 ||   302
         Headbutt          |    11 |    11 |    39 |     5 ||    66
    Use: Scroll            |     5 |     3 |     7 |     1 ||    16
         Potion            |       |       |     3 |     1 ||     4
   Stab: Distracted        |       |       |     1 |       ||     1
 Armour: Robe              |     5 |       |       |       ||     5
         Scale mail        |    19 |    25 |    60 |       ||   104
         Chain mail        |       |       |    97 |     2 ||    99
  Dodge: Dodged            |    47 |    25 |   130 |       ||   202
  Block: Orb               |    17 |    11 |    68 |     4 ||   100
         Reflection        |     2 |       |     4 |     1 ||     7

Table legend: (Time is in decaauts)
 A = Elapsed time spent in this place.
 B = Non-inter-level travel time spent in this place.
 C = Inter-level travel time spent in this place.
 D = Time resting spent in this place.
 E = Time spent auto-exploring this place.
 F = Levels seen in this place.
 G = Mean time per level.
                   A        B        C        D        E       F      G
               +--------+--------+--------+--------+--------+-----+--------+
         Total |   7832 |   7051 |    781 |    721 |     39 |   9 |  870.2 |
       Dungeon |   7105 |   6493 |    612 |    721 |     39 |   7 | 1015.0 |
        Temple |    474 |    305 |    169 |      0 |      0 |   1 |  474.0 |
        Bailey |    252 |    252 |      0 |      0 |      0 |   1 |  252.0 |
               +--------+--------+--------+--------+--------+-----+--------+

Top non-repeatable levels by time:
     D:4: 1486 daAuts
     D:3: 1186 daAuts
     D:2: 1008 daAuts
     D:1: 951 daAuts
     D:5: 919 daAuts
     D:6: 861 daAuts
     D:7: 691 daAuts
  Temple: 474 daAuts
  Bailey: 252 daAuts
